 Dungeon Crawl Stone Soup version 0.21.1-1-g345015f (webtiles) character file.

42 n0claF the Poker (level 3, 0/28 HPs)
             Began as a Demonspawn Gladiator on July 4, 2018.
             Succumbed to an adder's poison
             ... on level 2 of the Dungeon.
             The game lasted 00:02:59 (1228 turns).

n0claF the Poker (Demonspawn Gladiator)             Turns: 1228, Time: 00:02:59

Health: 0/28       AC:  9    Str: 15    XL:     3   Next: 33%
Magic:  1/3        EV:  7    Int:  9    God:
Gold:   39         SH:  0    Dex: 14    Spells: 2/2 levels left

rFire    . . .     SeeInvis .   a - +0 trident
rCold    . . .     Gourm    .   (no shield)
rNeg     . . .     Faith    .   h - +0 chain mail
rPois    .         Spirit   +   c - +0 helmet
rElec    .         Reflect  .   (no cloak)
rCorr    .         Harm     .   (no gloves)
MR       .....                  (no boots)
Stlth    ..........             (no amulet)
HPRegen  0.09/turn              (no ring)
MPRegen  0.08/turn              (no ring)

@: lethally poisoned (0 -> -10)
A: powered by death 1, magic shield
a: no special abilities


You were on level 2 of the Dungeon.
You were not hungry.

You visited 1 branch of the dungeon, and saw 2 of its levels.

You collected 39 gold pieces.

Inventory:

Hand Weapons
 a - a +0 trident (weapon)
Missiles
 d - 3 throwing nets (quivered) {!f}
Armour
 c - a +0 helmet (worn)
 h - a +0 chain mail (worn)
   (You found it on level 1 of the Dungeon)
Jewellery
 j - a cursed ring of teleportation {unknown}
   (You found it on level 1 of the Dungeon)
Scrolls
 b - a scroll of fear {unknown}
 f - a scroll of random uselessness {unknown}
 k - a scroll of enchant armour {unknown}
 l - 3 scrolls of teleportation {unknown}
Potions
 i - a potion of curing {unknown}
 m - a potion of magic {unknown}
Comestibles
 e - 4 rations {!d}
 g - 9 chunks of flesh


   Skills:
 + Level 2.5 Fighting
 + Level 3.1 Polearms
 - Level 1.7 Throwing
 + Level 1.2 Armour
 + Level 3.0 Dodging


You had 2 spell levels left.
You didn't know any spells.

Dungeon Overview and Level Annotations

Branches:
Dungeon (2/15)

Altars:
Cheibriados
Dithmenos
The Shining One


Innate Abilities, Weirdness & Mutations

You regenerate a little health from kills.
When hurt, damage is shared between your health and your magic reserves.


Message History

You miss the adder. The adder bites you.
You closely miss the adder. The adder bites you.
You are poisoned.
The adder poisons you!
You barely miss the adder.
You feel sick. The adder barely misses you.
The adder bites you but does no damage.
Your chain mail prevents you from hitting the adder.
You feel sick. The adder bites you but does no damage.
Your chain mail prevents you from hitting the adder.
The adder bites you. The adder closely misses you.
You hit the adder.
You feel sick. The adder bites you.
You are more poisoned.
The adder poisons you!
You miss the adder.
You feel sick. The adder bites you but does no damage. The adder bites you.
* * * LOW HITPOINT WARNING * * *
Your chain mail prevents you from hitting the adder.
You feel sick. The adder bites you.
* * * LOW HITPOINT WARNING * * *
You hit the adder.
You feel sick. The adder bites you.
* * * LOW HITPOINT WARNING * * *
The adder bites you but does no damage.
You closely miss the adder. The adder closely misses you.
Unknown command.
You barely miss the adder.
* * * LOW HITPOINT WARNING * * *
You feel sick. The adder bites you but does no damage.
The adder barely misses you.
You closely miss the adder.
* * * LOW HITPOINT WARNING * * *
You feel sick. The adder bites you but does no damage.
Your chain mail prevents you from hitting the adder.
* * * LOW HITPOINT WARNING * * *
You feel sick.
The adder bites you but does no damage. x2
You closely miss the adder. The adder closely misses you.
You closely miss the adder.
* * * LOW HITPOINT WARNING * * *
You feel sick. The adder bites you but does no damage.
The adder closely misses you.
Your chain mail prevents you from hitting the adder.
The adder bites you.
You barely miss the adder.
* * * LOW HITPOINT WARNING * * *
You feel sick.
The adder bites you but does no damage. x2
You miss the adder. The adder bites you.
* * * LOW HITPOINT WARNING * * *
You are more poisoned.
The adder poisons you!
You hit the adder.
You die...

#. ## ### ##### ..#
#..P# #.# ###########
#.# #.........# #.#
##.#####.#.# #.# #..#
#...# .######@####.##
#.###
......S......######.#
<.....#####.........#
####..#b.P#..########
#..#P..#..# #..#P..#.(#
#...#####..#######
...#..............##
##...####.#.#.##...####


You could see an adder.

Vanquished Creatures
  A worm (D:2)
  2 leopard geckos (D:1)
  3 giant cockroaches
  2 goblins
  A hobgoblin (D:2)
  7 jackals
  3 kobolds
  A quokka (D:2)
  4 bats
  5 frilled lizards
  7 rats (D:1)
36 creatures vanquished.

Notes
Turn   | Place    | Note
-------+----------+-------------------------------------------
     0 | D:1      | n0claF the Demonspawn Gladiator began the quest for the Orb.
     0 | D:1      | Reached XP level 1. HP: 16/16 MP: 1/1
   354 | D:1      | Gained mutation: You regenerate a little health from kills. [demonic ancestry]
   354 | D:1      | Reached XP level 2. HP: 22/22 MP: 2/2
   760 | D:1      | Reached skill level 1 in Armour
   920 | D:2      | Found a glowing golden altar of the Shining One.
   920 | D:2      | Found a snail-covered altar of Cheibriados.
   927 | D:2      | Found a shadowy altar of Dithmenos.
  1049 | D:2      | Gained mutation: When hurt, damage is shared between your health and your magic reserves. [demonic ancestry]
  1049 | D:2      | Reached XP level 3. HP: 28/28 MP: 3/3
  1135 | D:2      | Found a faded altar of an unknown god.
  1227 | D:2      | HP: 1/28 [adder (1)]
  1228 | D:2      | Succumbed to an adder's poison

Skill      XL: |  1  2 |
---------------+-------+-----
Armour         | 1 |  1.2
Dodging        | 3 |  3.0
Polearms       | 3 |  3.1
Fighting       | |  2.5
Throwing       | |  1.7

Action                   || total
-------------------------++-------
Melee: Trident           ||   151
  Eat: Chunk             ||     1
Armor: Scale mail        ||    16
       Leather armour    ||     2
       Chain mail        ||    62
Dodge: Dodged            ||    56
